 Dungeon Crawl Stone Soup version 0.16.2-2-g470672f (webtiles) character file.

800 monobi the Sneak (level 7, -3/49 HPs)
             Began as an Octopode Monk on Sept 4, 2015.
             Slain by an adder (4 damage)
             ... on level 4 of the Dungeon.
             The game lasted 00:05:05 (2536 turns).

monobi the Sneak (Octopode Monk)                    Turns: 2536, Time: 00:05:07

Health: -3/49      AC:  1    Str: 10    XL:     7   Next: 90%
Magic:  7/7        EV: 15    Int: 12    God:
Gold:   113        SH:  0    Dex: 17    Spells: 0 memorised, 6 levels left

rFire  . . .     SeeInvis .       - Unarmed
rCold  . . .     Clarity  .     (no shield)
rNeg   . . .     SustAb   .     (helmet restricted)
rPois  .         Gourm    .     (no amulet)
rElec  .         Spirit   .     (no ring)
rCorr  .         Warding  .     (no ring)
rMut   .         Stasis   .     (no ring)
MR     .....                    (no ring)
Stlth  +++++.....               (no ring)
                                (no ring)
                                (no ring)
                                (no ring)

@: lethally poisoned (-3 -> -5), flying, constricted, not resistant to hostile
enchantments, quite stealthy
A: almost no armour, amphibious, 8 rings, constrict 8, camouflage 1, gelatinous
body 1
a: no special abilities


You were on level 4 of the Dungeon.
You were not hungry.

You visited 1 branch of the dungeon, and saw 4 of its levels.

You collected 113 gold pieces.

Inventory:

Scrolls
 a - 2 scrolls of amnesia {unknown}
 d - 2 scrolls of remove curse
 e - 4 scrolls of enchant weapon
 i - a scroll of random uselessness
 j - 2 scrolls of identify
 l - 2 scrolls of teleportation {unknown}
Potions
 c - a potion of might
Comestibles
 b - 3 bread rations
 k - a meat ration


   Skills:
 + Level 4.8 Fighting
 + Level 4.5 Dodging
 * Level 7.2 Stealth
 * Level 6.3 Unarmed Combat


You had 6 spell levels left.
You didn't know any spells.

Dungeon Overview and Level Annotations

Branches:
Dungeon (4/15)
 Temple: D:4-7

Altars:
Kikubaaqudgha
Nemelex Xobeh


Innate Abilities, Weirdness & Mutations

You cannot wear most types of armour.
You are amphibious.
You can wear up to eight rings at the same time.
You can use your tentacles to constrict many enemies at once.
Your skin changes colour to match your surroundings (Stealth).
Your rubbery body absorbs attacks (AC +1).


Message History

* * * LOW HITPOINT WARNING * * *
You are poisoned.
The adder poisons you! The ball python bites you.
* * * LOW HITPOINT WARNING * * *
The ball python barely misses you.
Drink which item? (? for menu, Esc to quit)
It was a potion of flight.
You feel very buoyant.
You fly up into the air.
You constrict the adder.
You feel sick. The adder barely misses you.
The ball python bites you but does no damage.
The ball python barely misses you. The adder completely misses you.
You tentacle-slap the adder.
The adder is severely wounded.
You constrict the adder. The ball python bites you.
* * * LOW HITPOINT WARNING * * *
The ball python grabs you.
* * * LOW HITPOINT WARNING * * *
The ball python constricts you. The adder bites you.
You die...

##.#.............#.#
...#.............#.# .#
#..###'####......#.#
#.".#.$# #.# #......#.#
...#?#..###.# #......'.#
..........#.# #>.....####
............# #..........
.......#.#S### #......####
.......†.S@# #......# #
.......#.########......####
..........................
......#.########.###'#.#..
.....=#.# #...##.# #.#.###
.... #.# #...##.# #.#.. ...
#.# #...##.# #.#### . #.#
#...##.# #.# #.###...##.#
#.#


You could see an adder and a ball python.

Vanquished Creatures
  The ghost of monobi the Sneak, an experienced OpMo (D:4)
  Grinder (D:3)
  An ogre (D:4)
  A vampire bat (D:2)
  2 hounds (D:4)
  An orc priest (D:3)
  3 gnolls (D:3)
  3 adders
  A giant mite (D:2)
  A giant gecko (D:3)
  7 orcs (D:3)
  A ball python (D:2)
  A bat skeleton (D:2)
  3 bat zombies (D:2)
  6 giant cockroaches
  6 goblins
  6 hobgoblins
  3 jackals (D:3)
  4 kobolds
  8 bats
  3 quokkas
  7 rats
70 creatures vanquished.

Notes
Turn   | Place    | Note
--------------------------------------------------------------
     0 | D:1      | monobi, the Octopode Monk, began the quest for the Orb.
     0 | D:1      | Reached XP level 1. HP: 16/16 MP: 1/1
   197 | D:1      | Reached XP level 2. HP: 18/21 MP: 2/2
   672 | D:2      | Reached XP level 3. HP: 21/26 MP: 3/3
  1036 | D:2      | Reached XP level 4. HP: 29/31 MP: 4/4
  1060 | D:2      | Found an ancient bone altar of Kikubaaqudgha.
  1060 | D:2      | Noticed a vampire bat
  1065 | D:2      | Killed a vampire bat
  1299 | D:3      | Noticed Grinder
  1305 | D:3      | Killed Grinder
  1305 | D:3      | Reached skill level 5 in Stealth
  1305 | D:3      | Reached skill level 5 in Unarmed Combat
  1305 | D:3      | Reached XP level 5. HP: 5/37 MP: 5/5
  1305 | D:3      | Reached XP level 6. HP: 5/43 MP: 6/6
  1694 | D:3      | Found a sparkling altar of Nemelex Xobeh.
  1806 | D:4      | Reached skill level 6 in Stealth
  2115 | D:4      | Reached XP level 7. HP: 31/49 MP: 7/7
  2140 | D:4      | Noticed monobi's ghost (experienced OpMo)
  2159 | D:4      | Killed monobi's ghost
  2159 | D:4      | Reached skill level 7 in Stealth
  2536 | D:4      | HP: 2/49 [ball python (1)]
  2536 | D:4      | Slain by an adder

Action                   |  1- 3 |  4- 6 |  7- 9 || total
-------------------------+-------+-------+-------++-------
Melee: Unarmed           |    54 |    76 |    20 ||   150
  Use: Scroll            |     3 |     2 |       ||     5
       Potion            |       |       |     4 ||     4
 Stab: Sleeping          |    11 |     7 |       ||    18
  Eat: Beef jerky        |       |     1 |       ||     1
       Meat ration       |       |     1 |       ||     1
